Map: Acid Plant LE

Players

JackO

  • Race: Protoss Protoss
  • Spawn Location: 11:00

Future - Winner!

  • Race: Terran Terran
  • Spawn Location: 5:00

Event: WCS Montreal 2018

VOD

Have the link to the VOD?

Description

Time

  • Played on: Sept. 7, 2018, 12:27 p.m.
  • Length: 9:13

All games in this series

Show
View Real Time Build Order
Export as new Build Order

JackO Protoss 

Build Orders: 1 Gate Expand 

Get SALT Encoding   

  12  0:00  Probe  
  13  0:13  Probe  
  14  0:17  Pylon  
  14  0:24  Probe  
  15  0:32  Probe  
  15  0:36  Gateway  
  15  0:40  Probe  
  16  0:46  Assimilator  
  17  0:51  Probe  
  18  1:03  Probe  
  19  1:15  Probe  
  20  1:23  Cybernetics Core  
  20  1:33  Nexus  
  20  1:39  Pylon  
  20  1:42  Probe  
  21  1:49  Assimilator  
  21  1:50  Adept, Warp Gate  
  21  1:54  Probe  
  24  2:06  Probe  
  24  2:08  Stalker  
  25  2:19  Probe  
  27  2:39  Robotics Facility  
  27  2:41  Stalker  
  29  2:46  Probe x2  
  31  2:58  Probe  
  32  3:01  Probe  
  33  3:10  Gateway x2  
  33  3:15  Probe  
  33  3:17  Warp Prism  
  33  3:18  Stalker  
  34  3:31  Probe  
  34  3:33  Probe  
  38  3:44  Pylon  
  38  3:47  Observer  
  38  3:48  Probe x2  
  41  4:04  Pylon  
  41  4:11  Stalker  
  41  4:12  Stalker x2  
  41  4:15  Probe  
  39  4:20  Probe  
  39  4:23  Probe  
  39  4:27  Observer  
  41  4:35  Stalker  
  41  4:36  Stalker  
  45  4:42  Probe, Sentry  
  47  4:59  Stalker  
  47  5:09  Stalker  
  47  5:14  Probe  
  47  5:15  Probe  
  47  5:26  Probe x2  
  49  5:34  Probe  
  49  5:39  Probe  
  51  5:47  Probe  
  51  5:53  Robotics Bay  
  51  5:54  Probe  
  51  5:55  Probe  
  54  6:08  Pylon, Assimilator  
  54  6:21  Observer  
  54  6:26  Probe x2  
  54  6:27  Pylon  
  54  6:28  Pylon  
  57  6:34  Disruptor  
  57  6:38  Probe x2  
  59  6:43  Pylon  
  62  6:50  Probe x2  
  62  6:53  Twilight Council  
  64  7:01  Disruptor  
  64  7:02  Probe x2  
  66  7:14  Probe x2  
  71  7:18  Observer  
  71  7:20  Stalker  
  71  7:21  Stalker  
  71  7:22  Adept  
  77  7:26  Probe x2  
  77  7:29  Disruptor  
  79  7:30  Assimilator  
  79  7:38  Probe x2  
  79  7:43  Pylon  
  84  7:45  Pylon  
  84  7:50  Probe x2  
  79  7:59  Adept x3  
  79  8:03  Probe  
  82  8:09  Disruptor  
  73  8:26  Stalker x2  
  67  8:27  Zealot  
  63  8:36  Disruptor  
  66  9:02  Gateway x2  
  66  9:04  Pylon, Zealot  
  66  9:05  Pylon, Gateway  
Show
View Real Time Build Order
Export as new Build Order

Future Terran - Winner!

Build Orders: Gas First Reaper Expand, Liberator Opening, Reaper Expand, MMM Bio 

Get SALT Encoding   

  12  0:00  SCV  
  13  0:12  SCV  
  14  0:17  Supply Depot  
  14  0:25  SCV  
  15  0:29  Refinery  
  15  0:38  SCV  
  16  0:44  Barracks  
  16  0:50  SCV  
  17  1:03  SCV  
  18  1:15  SCV  
  19  1:31  Reaper, Orbital Command  
  20  1:43  Command Center  
  20  1:57  SCV  
  20  1:59  Factory  
  21  2:05  Refinery  
  21  2:07  Barracks Reactor  
  21  2:11  SCV  
  22  2:17  Supply Depot  
  22  2:23  SCV  
  23  2:39  SCV  
  23  2:43  Starport  
  24  2:48  Hellion x2  
  24  2:51  SCV  
  29  3:03  Liberator  
  29  3:06  Orbital Command  
  29  3:11  Hellion x2  
  33  3:17  SCV  
  33  3:22  Barracks Tech Lab  
  36  3:29  SCV  
  36  3:32  SCV  
  38  3:41  SCV  
  38  3:44  SCV  
  38  3:47  Siege Tank  
  43  3:49  Supply Depot  
  43  3:50  Marine x2  
  43  3:54  Supply Depot  
  43  3:55  SCV  
  46  4:01  SCV  
  43  4:03  Bunker  
  43  4:07  SCV  
  44  4:13  SCV  
  44  4:15  Marine x2  
  44  4:19  SCV  
  44  4:21  Viking  
  45  4:24  Siege Tank  
  45  4:25  SCV  
  49  4:32  SCV, Marine  
  49  4:33  Marine  
  49  4:37  SCV, Supply Depot  
  53  4:44  SCV  
  54  4:46  Supply Depot  
  54  4:50  Marine x2  
  56  4:57  Barracks  
  56  4:58  Barracks  
  56  5:05  Siege Tank  
  59  5:08  Marine x2  
  59  5:13  Starport Tech Lab  
  59  5:14  SCV  
  62  5:15  SCV  
  62  5:19  Engineering Bay  
  60  5:22  Refinery  
  60  5:26  SCV  
  60  5:27  SCV, Refinery  
  60  5:28  Marine x2  
  62  5:39  SCV x2  
  64  5:43  Starport Reactor  
  64  5:49  Factory Reactor  
  64  5:53  SCV  
  65  5:58  Combat Shields  
  65  5:59  Stimpack  
  65  6:00  SCV  
  65  6:01  Supply Depot  
  65  6:02  Terran Infantry Weapons Level 1  
  65  6:04  Supply Depot  
  66  6:05  SCV  
  66  6:06  Missile Turret  
  66  6:07  Marine x2  
  66  6:11  Marine  
  70  6:12  Marine  
  71  6:27  Widow Mine x2  
  71  6:29  Medivac, Marauder  
  71  6:30  Medivac  
  71  6:31  Marauder  
  82  6:32  Marine  
  82  6:33  Marine  
  82  6:37  Missile Turret  
  84  6:44  Supply Depot  
  84  6:47  Supply Depot  
  84  6:50  Marauder, Marine x2  
  84  6:52  Marauder, Widow Mine  
  84  6:53  Widow Mine  
  94  7:05  Medivac x2  
  98  7:09  Supply Depot x2  
  98  7:10  Marine x2  
  98  7:12  Marauder  
  98  7:13  Marauder  
  104  7:20  Widow Mine x2  
  108  7:28  Marine x2  
  110  7:32  Supply Depot  
  110  7:33  Marauder, Supply Depot  
  110  7:34  Concussive Shells  
  110  7:35  Marauder  
  114  7:47  Marine x2  
  116  7:55  Marauder  
  116  7:56  Marauder  
  120  8:04  Liberator x2, Barracks  
  120  8:05  Barracks  
  119  8:10  Marine x2  
  120  8:16  Marauder  
  120  8:17  Marauder  
  107  8:20  Widow Mine x2  
  114  8:28  Marine x2  
  107  8:44  Command Center  
  107  8:45  Marauder  
  107  8:48  Marauder  
  109  8:54  Barracks Tech Lab  
  109  8:55  Barracks Reactor, Marine  
  106  8:56  SCV x2  
Tags
 
Add a new tag
Caveats
  • Supply blocks, unpowered buildings, or Contaminate may cause inaccurate times.
  • Supply counts are checked every 10 seconds.